 Dungeon Crawl Stone Soup version 0.31-a0-836-g3ceb0a68c4 (webtiles) character file.

Game seed: 4222134349287497703

2289 croobank the Covert (level 9, -1/72 (74) HPs)
             Began as a Gnoll Delver on Sept 26, 2023.
             Was an Initiate of Gozag.
             Slain by an orc warrior
             ... wielding a +0 trident
              (16 damage)
             ... on level 7 of the Dungeon on Sept 27, 2023.
             The game lasted 00:27:37 (8181 turns).

croobank the Covert (Gnoll Delver)                  Turns: 8181, Time: 00:27:37

HP:   -1/72 (74)    AC:  8    Str: 18    XL:     9   Next: 40%
MP:   13/15         EV: 14    Int: 19    God:    Gozag
Gold: 657           SH:  0    Dex: 14    Spells: 12/16 levels left

rFire   . . .        a - +6 short sword
rCold   . . .        (no shield)
rNeg    . . .        G - +2 leather armour {rPois}
rPois   +            (no helmet)
rElec   .            (no cloak)
rCorr   .            y - +2 pair of gloves
SInv    .            (no boots)
Will    .....        (no amulet)
Stlth   ++++         h - +6 ring of intelligence
HPRegen 0.32/turn    o - +6 ring of strength
MPRegen 0.14/turn

%: no passive effects
@: lightly drained
A: fangs 1, strong nose, distributed training
a: Renounce Religion, Potion Petition, Call Merchant, Bribe Branch


You were on level 7 of the Dungeon.
You worshipped Gozag.
Gozag was pleased with you.
You visited 2 branches of the dungeon, and saw 8 of its levels.

You collected 784 gold pieces.
You spent 28 gold pieces at shops.
You paid 99 gold pieces to Gozag.

Inventory:

Hand Weapons
 a - a +6 short sword (weapon)
 b - a +0 sling
 i - a +2 whip of holy wrath
 m - a +2 longbow of freezing
 q - a +2 spear of freezing
 F - a +0 antimagic spear
 H - a +1 whip of electrocution
 I - a +5 morningstar
Missiles
 u - 9 boomerangs (quivered)
 J - a curare-tipped dart
Armour
 k - a +1 ring mail
 y - a +2 pair of gloves (worn)
 G - a +2 leather armour of poison resistance (worn)
Magical Staves
 j - the staff "Leviticus" {rElec MP+9 Str+3 Int-2 Dex+2 Air}
   (You took it off a centaur on level 7 of the Dungeon)

   [staff of air]

   Base accuracy: +5 Base damage: 5 Base attack delay: 1.2 This weapon's minimum
   attack delay (0.6) is reached at skill level 12.
   Str+3:     It affects your strength (+3).
   Int-2:     It affects your intelligence (-2).
   Dex+2:     It affects your dexterity (+2).
   rElec:     It insulates you from electricity.
   MP+9:      It affects your magic capacity (+9).
   Air:       It increases the power of your Air spells.
   It falls into the 'Staves' category.
   It is a one-handed weapon.
 n - a staff of death
Jewellery
 h - a +6 ring of intelligence (left hand)
 o - a +6 ring of strength (right hand)
 p - a ring of protection from fire
 z - a ring of protection from fire
 D - the ring "Tutzanki" {Fire rPois rN+ rCorr Int-5}
   (You found it on level 6 of the Dungeon)

   [ring of fire]

   Fire:      It enhances your fire magic.
   Int-5:     It affects your intelligence (-5).
   rF+:       It protects you from fire.
   rC-:       It makes you vulnerable to cold.
   rPois:     It protects you from poison rN+: It protects you from negative
   energy.
   rCorr:     It protects you from acid and corrosion.
 E - a ring of positive energy
 N - a ring of fire
Talismans
 C - a serpent talisman
Wands
 g - a wand of digging (3)
 l - a wand of iceblast (12)
 K - a wand of paralysis (8)
Scrolls
 c - 2 scrolls of fog
 d - 2 scrolls of revelation
 r - a scroll of poison
 w - 3 scrolls of teleportation
 x - a scroll of blinking
 M - a scroll of immolation
Potions
 e - 2 potions of curing
 f - a potion of magic
 s - 2 potions of brilliance
 t - a potion of invisibility
 v - a potion of lignification {unknown}
 A - 3 potions of mutation {unknown}
 B - a potion of berserk rage {unknown}


   Skills:
 + Level 7.9 Fighting
 + Level 6.3 Short Blades
 + Level 4.3 Long Blades
 + Level 4.3 Axes
 + Level 4.3 Maces & Flails
 + Level 4.3 Polearms
 + Level 4.3 Staves
 + Level 4.3 Ranged Weapons
 + Level 4.3 Throwing
 + Level 4.3 Armour
 + Level 6.3 Dodging
 + Level 10.5 Stealth
 + Level 4.3 Shields
 + Level 4.3 Unarmed Combat
 + Level 4.3 Spellcasting
 + Level 3.5 Conjurations
 + Level 3.5 Hexes
 + Level 3.5 Summonings
 + Level 3.5 Necromancy
 + Level 3.5 Translocations
 + Level 3.5 Transmutations
 + Level 3.5 Fire Magic
 + Level 3.5 Ice Magic
 + Level 3.5 Air Magic
 + Level 3.5 Earth Magic
 + Level 3.5 Poison Magic
 + Level 4.7 Invocations
 + Level 4.3 Evocations
 + Level 3.9 Shapeshifting


You had 12 spell levels left.
You knew the following spells:

 Your Spells              Type           Power      Damage    Failure   Level
a - Summon Small Mammal   Summ           68%        N/A       3%          1
c - Call Canine Familiar  Summ           17%        N/A       11%         3

Your spell library contained the following spells:

 Spells                   Type           Power      Damage    Failure   Level
 Sting                    Tmut/Pois      68%        1d6       3%          1
 Poisonous Vapours        Pois/Air       34%        N/A       5%          2
 Sublimation of Blood     Necr           17%        N/A       5%          2
 Summon Guardian Golem    Hex/Summ       17%        N/A       11%         3
 Olgreb's Toxic Radiance  Pois           17%        N/A       36%         4
 Petrify                  Tmut/Erth      17%        N/A       36%         4
 Irradiate                Conj/Tmut      8%         3d14      71%         5


Dungeon Overview and Level Annotations

Branches:
Dungeon (7/15)             Temple (1/1) D:5

Altars:
Cheibriados
Dithmenos
Elyvilon
Fedhas
Gozag
Hepliaklqana
Kikubaaqudgha
Makhleb
Nemelex Xobeh
Okawaru
Qazlal
Ru
Sif Muna
Trog
Uskayaw
Vehumet
Wu Jian
Xom
Yredelemnul
Zin
The Shining One

Shops:
D:2 ?   D:5 [

Annotations:
D:4 Edmund


Innate Abilities, Weirdness & Mutations

You have very sharp teeth.
Your uncanny sense of smell can sniff out nearby items.
Your experience applies equally to all skills.


Message History

You closely miss the orc warrior.
The orc warrior is severely wounded.
Your quokka completely misses the orc warrior.
Your rat completely misses the orc warrior.
The orc warrior closely misses you.
You hit the orc warrior but do no damage.
The orc warrior is severely wounded.
Your quokka bites the orc warrior but does no damage.
Your rat barely misses the orc warrior.
You closely miss the orc warrior.
You punch the orc warrior, but do no damage.
You bite the orc warrior, but do no damage.
The orc warrior is severely wounded.
Your quokka closely misses the orc warrior.
The orc warrior hits you with a +0 trident.
You closely miss the orc warrior.
The orc warrior is severely wounded.
Your rat barely misses the orc warrior.
Your quokka misses the orc warrior.
The orc warrior hits you with a +0 trident!
You hit the orc warrior.
The orc warrior is almost dead.
Your quokka closely misses the orc warrior.
Your rat bites the orc warrior but does no damage.
You hit the orc warrior. Your bite misses the orc warrior.
The orc warrior is almost dead.
The orc warrior hits you with a +0 trident!
* * * LOW HITPOINT WARNING * * *
You barely miss the orc warrior.
The orc warrior is almost dead.
Your quokka closely misses the orc warrior.
Your rat barely misses the orc warrior.
The orc warrior misses you.
You hit the orc warrior but do no damage.
The orc warrior is almost dead.
Your quokka completely misses the orc warrior.
Your rat bites the orc warrior but does no damage.
You hit the orc warrior but do no damage.
The orc warrior is almost dead.
The orc warrior hits you with a +0 trident!
You die...
Your body crumbles into a pile of gold.

#......#....#....
#......#.####.### ###
#......#.# #.# ...
#......#)# #.#
#.##$.....#.# #.#
#..$#.#####.####.#
###K#.......[)...#
####o######...#####
#..r@r....#...# ###
#.....###.#.[[# ...
#.......>........####...
####......##............
######...............
#######.........
##.##..... #......##
###....#


You could see an orc warrior (ally target), a kobold, a friendly quokka
(summoned) and a friendly rat (summoned).

Vanquished Creatures
  2 sky beasts
  An ice beast (D:6)
  A black bear (D:5)
  3 ogres
  A centaur (D:7)
  A phantom (D:7)
  2 kobold brigands (D:7)
  3 scorpions
  5 wights (D:6)
  A howler monkey (D:5)
  5 hounds
  3 jellies
  A gnoll bouda (D:6)
  3 orc priests
  3 iguanas
  2 orc wizards
  11 gnolls
  6 adders
  2 white imps
  4 ufetubi
  3 dart slugs
  16 orcs
  11 ball pythons
  9 endoplasms
  11 giant cockroaches
  6 goblins
  9 hobgoblins
  16 kobolds
  4 quokkas
  2 bats (D:2)
  2 frilled lizards
  10 rats
159 creatures vanquished.

Vanquished Creatures (collateral kills)
  A scorpion (D:7)
  A jelly (D:7)
  4 orcs (D:7)
6 creatures vanquished.

Grand Total: 165 creatures vanquished

Notes
Turn   | Place    | Note
-------+----------+-------------------------------------------
     0 | D:5      | Reached skill level 9 in Stealth
     0 | D:5      | croobank the Gnoll Delver began the quest for the Orb.
     0 | D:5      | Reached XP level 1. HP: 23/23 MP: 1/1
   111 | D:5      | Noticed a hound
   111 | D:5      | Noticed a hound
   142 | D:5      | Found a staircase to the Ecumenical Temple.
   144 | D:5      | Noticed an iguana
   208 | D:4      | Noticed Edmund
   268 | D:4      | Noticed a jelly
   279 | D:4      | Killed a jelly
   280 | D:4      | Reached skill level 1 in Invocations
   280 | D:4      | Reached XP level 2. HP: 29/29 MP: 1/3
   280 | D:4      | Reached XP level 3. HP: 35/35 MP: 1/4
   484 | D:3      | Reached skill level 1 in Long Blades
   484 | D:3      | Reached skill level 1 in Axes
   484 | D:3      | Reached skill level 1 in Maces & Flails
   484 | D:3      | Reached skill level 1 in Polearms
   484 | D:3      | Reached skill level 1 in Staves
   484 | D:3      | Reached skill level 1 in Ranged Weapons
   484 | D:3      | Reached skill level 1 in Throwing
   484 | D:3      | Reached skill level 1 in Armour
   484 | D:3      | Reached skill level 1 in Shields
   484 | D:3      | Reached skill level 1 in Unarmed Combat
   484 | D:3      | Reached skill level 1 in Spellcasting
   484 | D:3      | Reached skill level 1 in Evocations
   616 | D:3      | Reached skill level 1 in Shapeshifting
   616 | D:3      | Reached XP level 4. HP: 41/41 MP: 5/5
   724 | D:3      | Found a faded altar of an unknown god.
   851 | D:3      | Reached skill level 1 in Conjurations
   851 | D:3      | Reached skill level 1 in Hexes
   851 | D:3      | Reached skill level 1 in Summonings
   851 | D:3      | Reached skill level 1 in Necromancy
   851 | D:3      | Reached skill level 1 in Translocations
   851 | D:3      | Reached skill level 1 in Transmutations
   851 | D:3      | Reached skill level 1 in Fire Magic
   851 | D:3      | Reached skill level 1 in Ice Magic
   851 | D:3      | Reached skill level 1 in Air Magic
   851 | D:3      | Reached skill level 1 in Earth Magic
   851 | D:3      | Reached skill level 1 in Poison Magic
   865 | D:3      | HP: 2/41 [orc/+0 whip (2)]
  1092 | D:2      | Reached XP level 5. HP: 47/47 MP: 6/6
  1253 | D:2      | Found Ebeteap's Magic Scroll Emporium.
  1261 | D:2      | Bought a scroll of identify for 28 gold pieces
  3213 | D:4      | Reached XP level 6. HP: 43/53 MP: 8/8
  3550 | D:4      | Reached skill level 5 in Short Blades
  3550 | D:4      | Reached skill level 5 in Dodging
  4526 | Temple   | Entered the Ecumenical Temple
  4540 | Temple   | Became a worshipper of Gozag Ym Sagoz the Greedy
  4565 | D:5      | Noticed a black bear
  4570 | D:5      | Killed a black bear
  4571 | D:5      | Reached XP level 7. HP: 60/60 MP: 10/10
  4621 | D:5      | Learned a level 1 spell: Summon Small Mammal
  4854 | D:5      | Reached skill level 10 in Stealth
  5191 | D:5      | Reached XP level 8. HP: 67/67 MP: 12/12
  6277 | D:6      | Identified the ring "Tutzanki" {Fire rPois rN+ rCorr Int-5}
  7229 | D:7      | Reached XP level 9. HP: 67/73 MP: 14/14
  7235 | D:7      | Learned a level 3 spell: Call Canine Familiar
  7615 | D:7      | Identified the staff "Leviticus" {rElec MP+9 Str+3 Int-2
                  | Dex+2 Air}
  8181 | D:7      | Slain by an orc warrior

Illustrated notes

Levels and vault maps discovered:
D:1:      onia_arrival_handbag, layout_basic
D:2:      layout_rooms, serial_shops, nicolae_shop_just_a_little_nook,
          minmay_worlds_worst_comb
D:3:      layout_basic, basic_ecumenical_altar
D:4:      layout_loops_cross, hangedman_decor_slide_cut,
          kennysheep_generic_room_2, uniq_edmund
D:5:      layout_basic, minmay_temple_entry_mist, serial_shops,
          nicolae_stop_n_shop_2, kennysheep_generic_room_13
D:6:      layout_basic
D:7:      layout_basic
Temple:   grunt_wide_crystal_templ

Skill      XL: |  1  2  3  4  5  6  7  8  9 |
---------------+----------------------------+-----
Stealth        | 10 | 10.5
Invocations    | 1 2 3 4 |  4.7
Long Blades    | 1 2 3 4 |  4.3
Axes           | 1 2 3 4 |  4.3
Maces & Flails | 1 2 3 4 |  4.3
Polearms       | 1 2 3 4 |  4.3
Staves         | 1 2 3 4 |  4.3
Ranged Weapons | 1 2 3 4 |  4.3
Throwing       | 1 2 3 4 |  4.3
Armour         | 1 2 3 4 |  4.3
Shields        | 1 2 3 4 |  4.3
Unarmed Combat | 1 2 3 4 |  4.3
Spellcasting   | 1 2 3 4 |  4.3
Evocations     | 1 2 3 4 |  4.3
Shapeshifting  | 1 2 3 |  3.9
Conjurations   | 1 2 3 |  3.5
Hexes          | 1 2 3 |  3.5
Summonings     | 1 2 3 |  3.5
Necromancy     | 1 2 3 |  3.5
Translocations | 1 2 3 |  3.5
Transmutations | 1 2 3 |  3.5
Fire Magic     | 1 2 3 |  3.5
Ice Magic      | 1 2 3 |  3.5
Air Magic      | 1 2 3 |  3.5
Earth Magic    | 1 2 3 |  3.5
Poison Magic   | 1 2 3 |  3.5
Short Blades   | 5 6 |  6.3
Dodging        | 5 6 |  6.3
Fighting       | 7 |  7.9

Action                     |  1- 3 |  4- 6 |  7- 9 || total
---------------------------+-------+-------+-------++-------
  Melee: Short sword       |    29 |   379 |   302 ||   710
         Bite              |     1 |    37 |    35 ||    73
         Punch             |     1 |     9 |    13 ||    23
   Fire: Sling             |       |    36 |    25 ||    61
  Throw: Throwing net      |       |       |     4 ||     4
         Boomerang         |       |       |     2 ||     2
   Cast: Summon Small Mamm |       |       |    10 ||    10
         Call Canine Famil |       |       |    10 ||    10
    Use: Scroll            |       |    14 |     6 ||    20
         Potion            |       |     8 |     4 ||    12
   Stab: Sleeping          |     6 |    23 |    10 ||    39
         Distracted        |       |     1 |     2 ||     3
         Held in net/web   |       |       |     2 ||     2
 Armour: Leather armour    |     7 |   171 |   146 ||   324
  Dodge: Dodged            |    10 |   172 |   141 ||   323

Table legend: (Time is in decaauts)
 A = Elapsed time spent in this place.
 B = Non-inter-level travel time spent in this place.
 C = Inter-level travel time spent in this place.
 D = Time resting spent in this place.
 E = Time spent auto-exploring this place.
 F = Levels seen in this place.
 G = Mean time per level.
                   A        B        C        D        E       F      G
               +--------+--------+--------+--------+--------+-----+--------+
         Total |   7961 |   7588 |    373 |   1507 |   4129 |   8 |  995.1 |
       Dungeon |   7934 |   7575 |    359 |   1507 |   4129 |   7 | 1133.4 |
        Temple |     27 |     14 |     13 |      0 |      0 |   1 |   27.0 |
               +--------+--------+--------+--------+--------+-----+--------+

Top non-repeatable levels by time:
     D:5: 1928 daAuts
     D:6: 1394 daAuts
     D:4: 1325 daAuts
     D:3: 1094 daAuts
     D:7: 797 daAuts
     D:1: 768 daAuts
     D:2: 625 daAuts
  Temple: 27 daAuts
